BSA
KALAMAZOO ROYALE WITH CHEESE @ KANSAS CITY KINGS
09/28/2025
 
TOP OF THE 1ST
Kalamazoo Royale with Cheese batting - Pitching for Kansas City Kings : RHP Ron Young
Pitching: RHP Ron Young
Batting: LHB William Ruffo 0-0: Foul Ball, location: 2F
0-1: Ball
1-1: Swinging Strike
1-2: Ball
2-2: Strikes out swinging
Batting: LHB Robinson Fernández 0-0: Ball
1-0: Ball
2-0: Swinging Strike
2-1: Ball
3-1: Base on Balls
Batting: LHB Seung-woo Yi 0-0: Called Strike
0-1: Hit by Pitch
Robinson Fernández to second
Batting: LHB Francisco Torres 0-0: Ball
1-0: Ball
2-0: Foul Ball, location: 2F
2-1: Called Strike
2-2: Ball
3-2: Grounds into double play, 4-6-3 (Groundball, 4)
Top of the 1st over - 0 run(s), 0 hit(s), 0 error(s), 1 left on base; Kalamazoo 0 - Kansas City 0
BOTTOM OF THE 1ST
Kansas City Kings batting - Pitching for Kalamazoo Royale with Cheese : LHP Octávio Ramírez
Pitching: LHP Octávio Ramírez
Batting: RHB Chris Chandler 0-0: Ball
1-0: Foul Ball, location: 2F
1-1: Foul Ball, location: 2F
1-2: Ball
2-2: Ball
3-2: Ground out 6-3 (Groundball, 6)
Batting: LHB Marc Nichols 0-0: Called Strike
0-1: Foul Ball, location: 2F
0-2: Ball
1-2: Strikes out swinging
Batting: RHB Toshimichi Kono 0-0: Ball
1-0: DOUBLE (Line Drive, 78D)
Batting: RHB Alonso Ramos 0-0: Ball
1-0: 2-RUN HOME RUN (Line Drive, 7D), Distance : 375 ft
Batting: LHB Pablo Reyes 0-0: Ball
1-0: Called Strike
1-1: Ball
2-1: Swinging Strike
2-2: Strikes out swinging
Bottom of the 1st over - 2 run(s), 2 hit(s), 0 error(s), 0 left on base; Kalamazoo 0 - Kansas City 2
TOP OF THE 2ND
Kalamazoo Royale with Cheese batting - Pitching for Kansas City Kings : RHP Ron Young
Batting: RHB Run-ming Zhu 0-0: Called Strike
0-1: Ball
1-1: Foul Ball, location: 2F
1-2: Ball
2-2: Strikes out swinging
Batting: LHB Bill Hall 0-0: Ball
1-0: Foul Ball, location: 2F
1-1: Foul Ball, location: 2F
1-2: Foul Ball, location: 2F
1-2: Foul Ball, location: 2F
1-2: Foul Ball, location: 2F
1-2: Strikes out looking
Batting: RHB Miguel Encarnación 0-0: Ball
1-0: Ball
2-0: Ball
3-0: Called Strike
3-1: Ground out 5-3 (Groundball, 5)
Top of the 2nd over - 0 run(s), 0 hit(s), 0 error(s), 0 left on base; Kalamazoo 0 - Kansas City 2
BOTTOM OF THE 2ND
Kansas City Kings batting - Pitching for Kalamazoo Royale with Cheese : LHP Octávio Ramírez
Batting: SHB Víctor Serrano 0-0: Called Strike
0-1: Ball
1-1: Swinging Strike
1-2: Strikes out swinging
Batting: RHB Adrian Prouse 0-0: Fly out, F3 (Line Drive, 3)
Batting: RHB Miguel Hernández 0-0: Foul Ball, location: 2F
0-1: Swinging Strike
0-2: Strikes out looking
Bottom of the 2nd over - 0 run(s), 0 hit(s), 0 error(s), 0 left on base; Kalamazoo 0 - Kansas City 2
TOP OF THE 3RD
Kalamazoo Royale with Cheese batting - Pitching for Kansas City Kings : RHP Ron Young
Batting: LHB Roberto Sandoval 0-0: Ball
1-0: Called Strike
1-1: Called Strike
1-2: Ground out U3 (Groundball, 3L)
Batting: RHB Pete Harvey 0-0: Swinging Strike
0-1: Foul Ball, location: 2F
0-2: Foul Ball, location: 2F
0-2: Foul Ball, location: 2F
0-2: Ball
1-2: Foul Ball, location: 2F
1-2: Ball
2-2: Ball
3-2: Ground out 4-3 (Groundball, 13)
Batting: LHB William Ruffo 0-0: Swinging Strike
0-1: Ball
1-1: Foul Ball, location: 2F
1-2: Ball
2-2: Strikes out swinging
Top of the 3rd over - 0 run(s), 0 hit(s), 0 error(s), 0 left on base; Kalamazoo 0 - Kansas City 2
BOTTOM OF THE 3RD
Kansas City Kings batting - Pitching for Kalamazoo Royale with Cheese : LHP Octávio Ramírez
Batting: SHB Orlando Aguilar 0-0: Fly out, F8 (Flyball, 8LM)
Batting: RHB Chris Chandler 0-0: SINGLE (Line Drive, 5D)
Batting: LHB Marc Nichols 0-0: Ball
1-0: Called Strike
1-1: Ball
2-1: SINGLE (Line Drive, 6MD)
Chris Chandler to second
Batting: RHB Toshimichi Kono 0-0: Ball
1-0: Foul Ball, location: 2F
1-1: Swinging Strike
Single, Error in OF, E8, batter to second base
Chris Chandler scores
Marc Nichols to third
Batting: RHB Alonso Ramos 0-0: Ball
1-0: Ball
2-0: Ball
3-0: Base on Balls
Batting: LHB Pablo Reyes 0-0: Fly out, F7 (Flyball, 7D)
Runner from 3rd tags up, SCORES, no throw
Batting: SHB Víctor Serrano 0-0: Ball
1-0: Swinging Strike
1-1: Ball
2-1: Foul Ball, location: 2F
2-2: Foul Ball, location: 2F
2-2: Foul Ball, location: 2F
2-2: Strikes out swinging
Bottom of the 3rd over - 2 run(s), 3 hit(s), 1 error(s), 2 left on base; Kalamazoo 0 - Kansas City 4
TOP OF THE 4TH
Kalamazoo Royale with Cheese batting - Pitching for Kansas City Kings : RHP Ron Young
Batting: LHB Robinson Fernández 0-0: Ball
1-0: SINGLE (Line Drive, 6D)
Batting: LHB Seung-woo Yi 0-0: Ball
1-0: Called Strike
1-1: Swinging Strike
1-2: Ball
2-2: Foul Ball, location: 2F
2-2: Ball
3-2: Foul Ball, location: 2F
3-2: Strikes out swinging
Batting: LHB Francisco Torres 0-0: Ball
1-0: 2-RUN HOME RUN (Flyball, 89XD), Distance : 394 ft
Batting: RHB Run-ming Zhu 0-0: Foul Ball, location: 2F
0-1: Foul Ball, location: 2F
0-2: Ground out 6-3 (Groundball, 6)
Batting: LHB Bill Hall 0-0: Ball
1-0: Foul Ball, location: 2F
1-1: Ground out 4-3 (Groundball, 4M)
Top of the 4th over - 2 run(s), 2 hit(s), 0 error(s), 0 left on base; Kalamazoo 2 - Kansas City 4
BOTTOM OF THE 4TH
Kansas City Kings batting - Pitching for Kalamazoo Royale with Cheese : LHP Octávio Ramírez
Batting: RHB Adrian Prouse 0-0: Called Strike
0-1: Foul Ball, location: 2F
0-2: Ball
1-2: Ball
2-2: Ground out U3 (Groundball, 3S)
Batting: RHB Miguel Hernández 0-0: Called Strike
0-1: Swinging Strike
0-2: Ball
1-2: Strikes out swinging
Batting: SHB Orlando Aguilar 0-0: Called Strike
0-1: Called Strike
0-2: Ball
1-2: Strikes out swinging
Bottom of the 4th over - 0 run(s), 0 hit(s), 0 error(s), 0 left on base; Kalamazoo 2 - Kansas City 4
TOP OF THE 5TH
Kalamazoo Royale with Cheese batting - Pitching for Kansas City Kings : RHP Ron Young
Batting: RHB Miguel Encarnación 0-0: Foul Ball, location: 2F
0-1: Ball
1-1: Fly out, F9 (Line Drive, 9M)
Batting: LHB Roberto Sandoval 0-0: Swinging Strike
0-1: Foul Ball, location: 2F
0-2: SINGLE (Groundball, 34)
Batting: RHB Pete Harvey 0-0: Fly out, F8 (Flyball, 8LD)
Batting: LHB William Ruffo 0-0: Ball
1-0: Called Strike
1-1: Ball
2-1: SINGLE (Line Drive, 4D)
Roberto Sandoval to second
Runner from 2nd tries for 3rd, SAFE, throw made to third
Batting: LHB Robinson Fernández 0-0: Swinging Strike
0-1: Swinging Strike
0-2: Foul Ball, location: 2F
0-2: Foul Ball, location: 2F
0-2: Ball
1-2: Ball
2-2: Ball
3-2: Base on Balls
William Ruffo to second
Batting: LHB Seung-woo Yi 0-0: Ball
1-0: Ball
2-0: Called Strike
2-1: Foul Ball, location: 2F
2-2: Ball
3-2: Base on Balls
Roberto Sandoval scores
William Ruffo to third
Robinson Fernández to second
Pitching: LHP Leonardo Rodríguez
Batting: LHB Francisco Torres 0-0: Ball
1-0: Called Strike
1-1: Ground out 4-3 (Groundball, 4)
Top of the 5th over - 1 run(s), 2 hit(s), 0 error(s), 3 left on base; Kalamazoo 3 - Kansas City 4
BOTTOM OF THE 5TH
Kansas City Kings batting - Pitching for Kalamazoo Royale with Cheese : LHP Octávio Ramírez
Batting: RHB Chris Chandler 0-0: Called Strike
0-1: Swinging Strike
0-2: Foul Ball, location: 2F
0-2: Strikes out looking
Batting: LHB Marc Nichols 0-0: Ball
1-0: Called Strike
1-1: Swinging Strike
1-2: SINGLE (Line Drive, 8LS)
Batting: RHB Toshimichi Kono 0-0: Ball
1-0: Called Strike
1-1: Ball
2-1: Swinging Strike
2-2: Foul Ball, location: 2F
2-2: Foul Ball, location: 2F
2-2: Ball
3-2: Base on Balls
Marc Nichols to second
Batting: RHB Alonso Ramos 0-0: Ball
1-0: Ball
2-0: Ground out U3 (Groundball, 3S)
Marc Nichols to third
Toshimichi Kono to second
Batting: LHB Pablo Reyes 0-0: Fly out, F7 (Flyball, 8LM)
Bottom of the 5th over - 0 run(s), 1 hit(s), 0 error(s), 2 left on base; Kalamazoo 3 - Kansas City 4
TOP OF THE 6TH
Kalamazoo Royale with Cheese batting - Pitching for Kansas City Kings : LHP Leonardo Rodríguez
Batting: RHB Run-ming Zhu 0-0: Swinging Strike
0-1: Ball
1-1: Fly out, F9 (Popup, 9LS)
Batting: LHB Bill Hall 0-0: Ball
1-0: Ball
2-0: Foul Ball, location: 2F
2-1: Foul Ball, location: 2F
2-2: Ball
3-2: DOUBLE (Flyball, 89D)
Batting: RHB Miguel Encarnación 0-0: Ball
1-0: Foul Ball, location: 2F
1-1: Foul Ball, location: 2F
1-2: Ball
2-2: SINGLE (Groundball, 56D)
Bill Hall to third
Batting: LHB Roberto Sandoval 0-0: Ball
1-0: 3-RUN HOME RUN (Flyball, 89XD), Distance : 368 ft
Pitching: RHP Ray Watkins
Batting: RHB Pete Harvey 0-0: Foul Ball, location: 2F
0-1: Ball
1-1: Ball
2-1: Ball
3-1: Foul Ball, location: 2F
3-2: Foul Ball, location: 2F
3-2: Strikes out looking
Batting: LHB William Ruffo 0-0: Ball
1-0: Called Strike
1-1: Swinging Strike
1-2: Ball
2-2: Ball
3-2: Base on Balls
Batting: LHB Robinson Fernández 0-0: Ball
1-0: Swinging Strike
1-1: Swinging Strike
1-2: Foul Ball, location: 2F
1-2: Foul Ball, location: 2F
1-2: Ball
2-2: Strikes out swinging
Top of the 6th over - 3 run(s), 3 hit(s), 0 error(s), 1 left on base; Kalamazoo 6 - Kansas City 4
BOTTOM OF THE 6TH
Kansas City Kings batting - Pitching for Kalamazoo Royale with Cheese : LHP Octávio Ramírez
Batting: SHB Víctor Serrano 0-0: Ball
1-0: Called Strike
1-1: SOLO HOME RUN (Flyball, 7D), Distance : 452 ft
Batting: RHB Adrian Prouse 0-0: SINGLE (Line Drive, 8RS)
Batting: RHB Miguel Hernández 0-0: Called Strike
0-1: Swinging Strike
0-2: Ball
1-2: Foul Ball, location: 2F
1-2: Ball
2-2: DOUBLE (Line Drive, 78XD)
Adrian Prouse to third
Batting: SHB Orlando Aguilar 0-0: Called Strike
0-1: Ground out 4-3 (Groundball, 4M)
Batting: RHB Chris Chandler 0-0: Ball
1-0: Ground out 5-3 (Groundball, 56)
Pitching: RHP Fergus Wakeford
Batting: LHB Marc Nichols 0-0: Called Strike
0-1: Hit by Pitch
Batting: RHB Toshimichi Kono 0-0: Called Strike
0-1: Called Strike
0-2: Ball
1-2: SINGLE (Groundball, 56)
Adrian Prouse scores
Miguel Hernández to third
Marc Nichols to second
Runner from 3rd tries for Home, SAFE, no throw or cutoff
Batting: RHB Alonso Ramos 0-0: Called Strike
0-1: Ball
1-1: SINGLE (Line Drive, 4M)
Marc Nichols to third
Toshimichi Kono to second
Batting: LHB Pablo Reyes 0-0: SINGLE (Line Drive, 6)
Marc Nichols scores
Toshimichi Kono to third
Alonso Ramos to second
Runner from 3rd tries for Home, SAFE, throw made at trailing runner, SAFE at third!
Batting: SHB Víctor Serrano 0-0: Ball
1-0: Ball
2-0: Called Strike
2-1: Foul Ball, location: 2F
2-2: Ball
3-2: Foul Ball, location: 2F
3-2: Foul Ball, location: 2F
3-2: Foul Ball, location: 2F
3-2: Strikes out swinging
Bottom of the 6th over - 5 run(s), 6 hit(s), 0 error(s), 2 left on base; Kalamazoo 6 - Kansas City 9
TOP OF THE 7TH
Kalamazoo Royale with Cheese batting - Pitching for Kansas City Kings : RHP Ray Watkins
Batting: LHB Seung-woo Yi 0-0: Ball
1-0: Foul Ball, location: 2F
1-1: Foul Ball, location: 2F
1-2: Foul Ball, location: 2F
1-2: Strikes out looking
Batting: LHB Francisco Torres 0-0: Ball
1-0: Ground out U3 (Groundball, 3L)
Batting: RHB Run-ming Zhu 0-0: Ball
1-0: Ball
2-0: Called Strike
2-1: SOLO HOME RUN (Flyball, 7D), Distance : 370 ft
Batting: LHB Bill Hall 0-0: Ball
1-0: Foul Ball, location: 2F
1-1: Foul Ball, location: 2F
1-2: Ball
2-2: Fly out, F5 (Popup, 5SF)
Top of the 7th over - 1 run(s), 1 hit(s), 0 error(s), 0 left on base; Kalamazoo 7 - Kansas City 9
BOTTOM OF THE 7TH
Kansas City Kings batting - Pitching for Kalamazoo Royale with Cheese : RHP Fergus Wakeford
Batting: RHB Adrian Prouse 0-0: Ball
1-0: Called Strike
1-1: Hit by Pitch
Batting: RHB Miguel Hernández 0-0: Ball
1-0: Ball
2-0: Ball
3-0: Called Strike
3-1: DOUBLE (Line Drive, 89XD)
Adrian Prouse to third
Pinch Hitting: SHB Greg Welch 0-0: Ball
1-0: Ball
2-0: Ball
3-0: Called Strike
3-1: Fly out, F8 (Flyball, 8RD)
Runner from 3rd tags up, SCORES, no throw
Batting: RHB Chris Chandler 0-0: Ball
1-0: Called Strike
1-1: Ball
2-1: Ball
3-1: Swinging Strike
3-2: Ground out 6-3 (Groundball, 6)
Miguel Hernández to third
Batting: LHB Marc Nichols 0-0: DOUBLE (Line Drive, 7LS)
Miguel Hernández scores
Pitching: RHP Rikiya Sakurai
Batting: RHB Toshimichi Kono 0-0: Called Strike
0-1: Ball
1-1: DOUBLE (Groundball, 3L)
Marc Nichols scores
Batting: RHB Alonso Ramos 0-0: Foul Ball, location: 2F
0-1: Foul Ball, location: 2F
0-2: Ball
1-2: Fly out, F8 (Flyball, 78M)
Bottom of the 7th over - 3 run(s), 3 hit(s), 0 error(s), 1 left on base; Kalamazoo 7 - Kansas City 12
TOP OF THE 8TH
Kalamazoo Royale with Cheese batting - Pitching for Kansas City Kings : RHP Ray Watkins
Now at 3B: Finley Frogley
Batting: RHB Miguel Encarnación 0-0: Called Strike
0-1: Ball
1-1: Ball
2-1: Fly out, F8 (Flyball, 8LM)
Pitching: RHP Diego Solís
Batting: LHB Roberto Sandoval 0-0: Ball
1-0: Ball
2-0: Called Strike
2-1: Foul Ball, location: 2F
2-2: SINGLE (Groundball, 3S) (infield hit)
Batting: RHB Pete Harvey 0-0: Called Strike
0-1: Called Strike
0-2: Foul Ball, location: 2F
0-2: Ball
1-2: Foul Ball, location: 2F
1-2: Fly out, F7 (Line Drive, 7LS)
Batting: LHB William Ruffo 0-0: Ball
1-0: Ball
2-0: Called Strike
2-1: Ball
3-1: Fly out, F7 (Flyball, 78S)
Top of the 8th over - 0 run(s), 1 hit(s), 0 error(s), 1 left on base; Kalamazoo 7 - Kansas City 12
BOTTOM OF THE 8TH
Kansas City Kings batting - Pitching for Kalamazoo Royale with Cheese : RHP Rikiya Sakurai
Batting: LHB Pablo Reyes 0-0: Called Strike
0-1: SINGLE (Groundball, 56D)
Batting: SHB Víctor Serrano 0-0: Ball
1-0: Ball
2-0: Ball
Pablo Reyes is caught stealing 2nd base
3-0: Called Strike
3-1: Called Strike
3-2: Fly out, F7 (Flyball, 78M)
Batting: RHB Adrian Prouse 0-0: Ball
1-0: Foul Ball, location: 2F
1-1: Ball
2-1: Foul Ball, location: 2F
2-2: SINGLE (Groundball, 56) (infield hit)
Batting: RHB Miguel Hernández 0-0: Foul Ball, location: 2F
0-1: Ball
Adrian Prouse steals 2nd base
1-1: Foul Ball, location: 2F
1-2: Fly out, F4 (Line Drive, 34)
Bottom of the 8th over - 0 run(s), 2 hit(s), 0 error(s), 1 left on base; Kalamazoo 7 - Kansas City 12
TOP OF THE 9TH
Kalamazoo Royale with Cheese batting - Pitching for Kansas City Kings : RHP Diego Solís
Batting: LHB Robinson Fernández 0-0: Ball
1-0: Ground out 6-3 (Groundball, 6M)
Batting: LHB Seung-woo Yi 0-0: Swinging Strike
0-1: Ball
1-1: Ground out 4-3 (Groundball, 4)
Batting: LHB Francisco Torres 0-0: Ball
1-0: Ground out 4-3 (Groundball, 4S)
Top of the 9th over - 0 run(s), 0 hit(s), 0 error(s), 0 left on base; Kalamazoo 7 - Kansas City 12
This league is powered by Out of the Park Baseball, the baseball management simulation game for PC, Mac and Linux
Tuesday, August 2nd, 2016 - OOTP Baseball 16.8 Build 38